 Dungeon Crawl Stone Soup version 0.25.0-37-gb73750e0fb (console) character file.

Game seed: 18323461412169387714

476 Kagalorn the Insei (level 7, -1/46 HPs)
             Began as an Octopode Transmuter on July 8, 2020.
             Slain by Grinder (6 damage)
             ... while paralysed by Grinder
             ... on level 5 of the Dungeon.
             The game lasted 00:11:01 (5114 turns).

Kagalorn the Insei (Octopode Transmuter)            Turns: 5114, Time: 00:11:01

Health: -1/46      AC:  1    Str: 10    XL:     7   Next: 10%
Magic:  1/10       EV:  2    Int: 17    God:
Gold:   185        SH:  0    Dex: 12    Spells: 6/10 levels left

rFire    + . .     SeeInvis .     - Unarmed
rCold    . . .     Gourm    .   (no shield)
rNeg     . . .     Faith    .   (helmet restricted)
rPois    .         Spirit   .   (no amulet)
rElec    .         Reflect  .   q - ring of protection from fire
rCorr    .         Harm     .   (no ring)
MR       .....                  (no ring)
Stlth    ++........             (no ring)
HPRegen  0.15/turn              (no ring)
MPRegen  0.12/turn              (no ring)
                                (no ring)
                                (no ring)

@: paralysed, lethally poisoned (-1 -> -3), appendage, very slightly
contaminated
A: almost no armour, stealthy swim, amphibious, 8 rings, constrict 8, tentacle
spike 3, camouflage 1, gelatinous body 1
a: End Transformation


You were on level 5 of the Dungeon.
You were not hungry.
One of your tentacles had a temporary spike.
You visited 1 branch of the dungeon, and saw 5 of its levels.

You collected 185 gold pieces.

Inventory:

Missiles
 g - 3 javelins (quivered)
 h - 32 sling bullets
 k - 76 stones
 l - 2 boomerangs
 p - 37 poisoned darts
 t - 25 bolts
Armour
 v - a +0 kite shield
Jewellery
 q - a ring of protection from fire (left tentacle)
Scrolls
 b - 2 scrolls of remove curse
 f - a scroll of random uselessness {unknown}
 i - 5 scrolls of enchant weapon {unknown}
 n - a scroll of blinking
 o - a scroll of fear {unknown}
 r - 3 scrolls of teleportation {unknown}
Potions
 a - 3 potions of flight
 d - 2 potions of heal wounds
 e - 3 potions of curing
 j - 2 potions of lignification
 m - a potion of brilliance
 s - 2 potions of might
Comestibles
 c - 12 rations


   Skills:
 + Level 3.1 Fighting
 + Level 3.6 Dodging
 * Level 5.4 Unarmed Combat
 - Level 2.0 Spellcasting
 + Level 3.7 Transmutations
 * Level 0.5 Poison Magic


You had 6 spell levels left.
You knew the following spells:

 Your Spells              Type           Power        Failure   Level  Hunger
a - Beastly Appendage     Tmut           ##....       4%          1    #......
b - Spider Form           Tmut/Pois      #.........   24%         3    ###....

Your spell library contained the following spells:

 Spells                   Type           Power        Failure   Level  Hunger
 Sticks to Snakes         Tmut           ##......     6%          2    ###....
 Ice Form                 Ice/Tmut       #.......     65%         4    #####..
 Blade Hands              Tmut           ##........   75%         5    ######.


Dungeon Overview and Level Annotations

Branches:
Dungeon (5/15)
 Temple: D:4-7

Altars:
Gozag
Hepliaklqana
Makhleb
Okawaru
Trog
Uskayaw
Vehumet
Xom

Annotations:
D:5 Edmund, Grinder


Innate Abilities, Weirdness & Mutations

You cannot wear most types of armour.
You are very stealthy in the water. (Stealth+)
You are amphibious.
You can wear up to eight rings at the same time.
You can use your tentacles to constrict eight enemies at once.
Your skin changes colour to match your surroundings (Stealth+).
Your rubbery body absorbs attacks. (AC +1, EV +1)
One of your tentacles bears a large vicious spike.


Message History

One of your tentacles grows a vicious spike.
You tentacle-slap Grinder. You grab Grinder. Your squeeze misses Grinder.
Grinder is lightly wounded.
You constrict Grinder, but do no damage.
You feel sick.
You tentacle-slap Grinder but do no damage.
You pierce Grinder, but do no damage.
Grinder is lightly wounded.
You constrict Grinder. Grinder hits you!
You tentacle-slap Grinder.
You pierce Grinder.
You tentacle-slap Grinder.
Grinder is moderately wounded.
You constrict Grinder. Grinder gestures at you.
You suddenly lose the ability to move!
You lose your grip on Grinder.
You feel sick. Grinder hits you!
* * * LOW HITPOINT WARNING * * *
You writhe in agony.
* * * LOW HITPOINT WARNING * * *
Grinder hits you.
You die...

............... #.
#.............. #.
#............. ##
#.5......"...
#............
..........#
#.......# ##5...#
#@.#### #..# #..#
# #..# ##### ##..#
####.... #..##
#####.....##
#..#####......####
#..........####
###..#######


You could see Grinder.

Vanquished Creatures
  An ogre (D:3)
  A jelly (D:5)
  A crimson imp (D:5)
  An orc priest (D:3)
  3 orc wizards
  A bullfrog skeleton (D:5)
  A worker ant (D:4)
  7 adders
  2 oozes
  3 leopard geckos
  19 orcs
  2 ball pythons
  9 bats
  4 giant cockroaches (D:1)
  3 goblins
  6 hobgoblins
  4 jackals (D:3)
  3 quokkas
  4 frilled lizards
  2 kobolds (D:2)
  2 quokka skeletons
  11 rats
90 creatures vanquished.

Notes
Turn   | Place    | Note
-------+----------+-------------------------------------------
     0 | D:1      | Kagalorn the Octopode Transmuter began the quest for the
                  | Orb.
     0 | D:1      | Reached XP level 1. HP: 13/13 MP: 3/3
    83 | D:1      | Reached XP level 2. HP: 17/18 MP: 3/5
   484 | D:1      | Reached XP level 3. HP: 21/23 MP: 6/6
  1274 | D:2      | Reached XP level 4. HP: 22/29 MP: 5/7
  1768 | D:2      | Reached skill level 4 in Unarmed Combat
  2411 | D:3      | Noticed a +0 hand axe
  2412 | D:3      | Noticed a +0 hand axe
  2415 | D:3      | Found a hide-covered altar of Uskayaw.
  2462 | D:3      | Reached XP level 5. HP: 34/34 MP: 6/8
  3580 | D:4      | Found an opulent altar of Gozag.
  3753 | D:4      | Reached XP level 6. HP: 33/41 MP: 7/9
  3865 | D:4      | Found a burning altar of Makhleb.
  3867 | D:4      | Found a shimmering altar of Xom.
  3868 | D:4      | Found a bloodstained altar of Trog.
  3921 | D:3      | Reached skill level 5 in Unarmed Combat
  4428 | D:4      | Found a hazy altar of Hepliaklqana.
  4484 | D:4      | Found an iron altar of Okawaru.
  4722 | D:5      | Entered Level 5 of the Dungeon
  4722 | D:5      | Noticed Edmund
  4767 | D:5      | Reached XP level 7. HP: 9/46 MP: 10/10
  4827 | D:5      | Learned a level 3 spell: Spider Form
  4993 | D:5      | Found a radiant altar of Vehumet.
  5103 | D:5      | Noticed Grinder
  5112 | D:5      | Paralysed by Grinder for 7 turns
  5114 | D:5      | Slain by Grinder

Illustrated notes

Levels and vault maps discovered:
D:1:      roderic_chinese_lattice_arrival, layout_loops_corners
D:2:      layout_rooms
D:3:      layout_basic, dancing_weapons_uskayaw, first_ration,
          corexii_hall_statues_s
D:4:      layout_basic, grunt_gozag_statues, grunt_temple_overflow_open,
          okawaru_metal_pillars_3
D:5:      layout_cave_pods, vehumet_crystals, enter_ossuary_5, uniq_grinder,
          uniq_edmund

Skill      XL: |  1  2  3  4  5  6 |
---------------+-------------------+-----
Fighting       | 2 3 |  3.1
Unarmed Combat | 4 5 |  5.4
Transmutations | 3 |  3.7
Dodging        | 3 |  3.6
Spellcasting   | |  2.0
Poison Magic   | |  0.5

Action                   |  1- 3 |  4- 6 |  7- 9 || total
-------------------------+-------+-------+-------++-------
Melee: Unarmed           |    64 |   132 |    18 ||   214
       Kick              |     8 |    34 |     5 ||    47
       Constrict         |    21 |    35 |     3 ||    59
       Tentacles         |    10 |    19 |     2 ||    31
       Punch             |       |     5 |     1 ||     6
Throw: Javelin           |       |     1 |       ||     1
 Cast: Beastly Appendage |    11 |    29 |     3 ||    43
  Use: Potion            |       |     1 |       ||     1
       Scroll            |       |     8 |       ||     8
 Stab: Sleeping          |     7 |     5 |       ||    12
  Eat: Chunk             |     1 |    11 |     2 ||    14
Armor: Skin              |    11 |     3 |       ||    14
Dodge: Dodged            |    37 |    71 |     8 ||   116
